 Dungeon Crawl Stone Soup version 0.21.1-1-g345015f (webtiles) character file.

51 Kairos the Charmwright (level 3, 0/27 HPs)
             Began as a Demonspawn Skald on Mar 26, 2018.
             Succumbed to an adder's poison
             ... on level 2 of the Dungeon.
             The game lasted 00:02:00 (1511 turns).

Kairos the Charmwright (Demonspawn Skald)           Turns: 1511, Time: 00:02:01

Health: 0/27       AC:  3    Str: 12    XL:     3   Next: 58%
Magic:  6/6        EV: 12    Int: 19    God:
Gold:   57         SH:  4    Dex: 12    Spells: 5/6 levels left

rFire    + . .     SeeInvis .   a - +0 mace
rCold    x . .     Gourm    .   (no shield)
rNeg     . . .     Faith    .   b - +0 leather armour
rPois    .         Spirit   .   (no helmet)
rElec    .         Reflect  .   (no cloak)
rCorr    .         Harm     .   (no gloves)
MR       .....                  (no boots)
Stlth    +.........             (no amulet)
HPRegen  0.09/turn              h - ring of fire
MPRegen  0.10/turn              (no ring)

@: brilliant, lethally poisoned (0 -> -4), flying
A: large bone plates 1
a: no special abilities


You were on level 2 of the Dungeon.
You were very hungry.

You visited 1 branch of the dungeon, and saw 2 of its levels.

You collected 57 gold pieces.

Inventory:

Hand Weapons
 a - a +0 mace (weapon)
Armour
 b - a +0 leather armour (worn)
Jewellery
 h - a ring of fire (left hand)
Scrolls
 f - a scroll of teleportation {unknown}
 g - a scroll of remove curse
 k - a scroll of identify {unknown}
Books
 c - a book of Battle

   Spells                             Type                      Level
   a - Infusion                       Charms                       1
   b - Shroud of Golubria             Charms/Translocation         2
   c - Song of Slaying                Charms                       2
   d - Spectral Weapon                Hexes/Charms                 3
   e - Regeneration                   Charms/Necromancy            3
Comestibles
 d - 2 rations


   Skills:
 + Level 2.2 Fighting
 + Level 2.4 Maces & Flails
 + Level 1.1 Armour
 + Level 2.2 Dodging
 + Level 2.0 Spellcasting
 + Level 3.2 Charms


You had 5 spell levels left.
You knew the following spells:

 Your Spells              Type           Power        Failure   Level  Hunger
a - Infusion              Chrm           ####         1%          1    #......


Dungeon Overview and Level Annotations

Branches:
Dungeon (2/15)

Altars:
Hepliaklqana


Innate Abilities, Weirdness & Mutations

You are partially covered in large bone plates. (SH +4)


Message History

There is a lethal amount of poison in your body!
There is a lethal amount of poison in your body!
There is a lethal amount of poison in your body!
It was a potion of flight.
You feel very buoyant.
You fly up into the air.
It was a potion of brilliance.
You feel clever all of a sudden.
* * * LOW HITPOINT WARNING * * *
You feel sick.
There is a lethal amount of poison in your body!
There is a lethal amount of poison in your body!
As you read the scroll labeled GOAF OR NUIGIOSI, it crumbles to dust.
You feel blessed for a moment.
It was a scroll of remove curse.
As you read the scroll labeled QIOROS POJYI, it crumbles to dust.
You feel aware of your surroundings.
You sensed 3 altars.
It was a scroll of magic mapping.
* * * LOW HITPOINT WARNING * * *
You feel sick.
You die...

*,,* *,,* #.# *.#** #..# #.###
*,..* *..# #.##.
*******,*.#**..# #.##.
*,,,,,,,,,..,..# #.##.
*,****,***#.*#.# *#### #....
*,**,,,,,*#.##.###(<.## ####.
*,*,,,...,#..#........#* #.
*,*,,,....#...@........**#####.
*,,,,,_........................
**,*,,,....#............#######.
*,,*,,,...,#.....#.....#* #.
*,,**,,.,,*#.###.##...## #.
*,,****,***#..)..#*#.## ####.
*,,,,,,,......##.# #.# #....
*,,,,,,,.....,*#.# #.# #....
********####***#.# #.# #.###


There were no monsters in sight!

Vanquished Creatures
  2 adders (D:2)
  2 dart slugs (D:1)
  A ball python (D:1)
  A goblin (D:1)
  A hobgoblin (D:1)
  11 jackals (D:1)
  3 bats
  A frilled lizard (D:1)
  4 kobolds
  A rat (D:2)
27 creatures vanquished.

Notes
Turn   | Place    | Note
-------+----------+-------------------------------------------
     0 | D:1      | Kairos the Demonspawn Skald began the quest for the Orb.
     0 | D:1      | Reached XP level 1. HP: 16/16 MP: 3/3
   254 | D:1      | Reached skill level 3 in Charms
   270 | D:1      | Reached skill level 1 in Armour
   270 | D:1      | Gained mutation: You are partially covered in large bone plates. (SH +4) [demonic ancestry]
   270 | D:1      | Reached XP level 2. HP: 2/22 MP: 5/5
  1016 | D:1      | Reached XP level 3. HP: 27/27 MP: 6/6
  1497 | D:2      | Found a hazy altar of Hepliaklqana.
  1509 | D:2      | HP: 1/27 [poisoned by an adder]
  1511 | D:2      | Succumbed to an adder's poison

Skill      XL: |  1  2  3 |
---------------+----------+-----
Charms         | 3 |  3.2
Armour         | 1 |  1.1
Maces & Flails | 2 |  2.4
Dodging        | 2 |  2.2
Fighting       | |  2.2
Spellcasting   | |  2.0

Action                   || total
-------------------------++-------
Melee: Mace              ||   134
  Use: Scroll            ||     2
       Potion            ||     2
  Eat: Chunk             ||     1
Armor: Leather armour    ||    55
Dodge: Dodged            ||   106
Block: Other             ||    28
